 Dungeon Crawl Stone Soup version 0.18.1-47-g9310371 (webtiles) character file.

108969 Gagarin the Severer (level 16, -5/149 HPs)
             Began as a Minotaur Fighter on June 13, 2016.
             Was the Champion of Okawaru.
             Shot with an arrow by a satyr (19 damage)
             ... on level 3 of the Shoals on June 15, 2016.
             The game lasted 01:43:12 (22890 turns).

Gagarin the Severer (Minotaur Fighter)             Turns: 22890, Time: 01:43:13

Health: -5/149     AC: 21    Str: 33    XL:     16   Next: 3%
Magic:  16/16      EV: 18    Int:  5    God:    Okawaru [******]
Gold:   1998       SH: 15    Dex: 13    Spells: 0 memorised, 15 levels left

rFire  . . .     SeeInvis +     L - +5 broad axe (freeze)
rCold  . . .     Gourm    .     o - +2 scale mail {MR+}
rNeg   . . .     Faith    .     K - +0 shield {AC+3}
rPois  +         Spirit   .     (helmet restricted)
rElec  .         Dismiss  .     s - +1 cloak "Laoskubbac" {*Corrode rPois Dex+2}
rCorr  .         Reflect  .     N - +1 pair of gloves {archery}
SustAt .         Harm     .     q - +1 pair of boots
MR     ++...                    F - amulet of regeneration
Stlth  ..........               Z - +6 ring of strength
                                S - ring of see invisible

@: about to teleport, afraid, corroded, very resistant to hostile enchantments,
extremely unstealthy
A: retaliatory headbutt, horns 2, iridescent scales 1, sense surroundings 1
a: Heroism, Finesse, Renounce Religion


You were on level 3 of the Shoals.
You worshipped Okawaru.
Okawaru was exalted by your worship.
You were very hungry.

You visited 5 branches of the dungeon, and saw 24 of its levels.
You also visited: Ice Cave.

You collected 2575 gold pieces.
You spent 577 gold pieces at shops.

Inventory:

Hand Weapons
 a - a +0 flail
 z - the cursed +0 rapier of Excruciating Pain {pierce, +Fly rF+++ Int+6 Dex-4, unknown}
   (You found it in an ice cave)

   It inflicts extra damage upon your enemies.
   It affects your intelligence (+6).
   It affects your dexterity (-4).
   It renders you almost immune to fire.
   It lets you fly.
   It has a curse placed upon it.
 L - a +5 broad axe of freezing (weapon)
Missiles
 e - 3 tomahawks of dispersal (quivered)
 M - 11 silver tomahawks
 O - a throwing net
Armour
 c - a +2 robe of fire resistance
 o - a +2 scale mail of magic resistance (worn)
 q - a +1 pair of boots (worn)
 s - the +1 cloak "Laoskubbac" (worn) {*Corrode rPois Dex+2}
   (Okawaru gifted it to you on level 5 of the Lair of Beasts)

   It affects your dexterity (+2).
   It protects you from poison.
   It may corrode you when you take damage.
 K - a +0 shield of protection (worn)
 N - a +1 pair of gloves of archery (worn)
Rods
 X - a +0 rod of ignition (1/13)
   (You found it on level 7 of the Dungeon)
Jewellery
 A - an uncursed amulet of magic regeneration {unknown}
 F - an amulet of regeneration (around neck)
 S - a ring of see invisible (left hand)
 Z - a +6 ring of strength (right hand)
Wands
 h - a wand of lightning (12/15)
 D - a wand of iceblast (10/15)
 G - a wand of teleportation (3/9)
 R - a wand of slowing (24/48)
 T - a wand of acid (4/15)
Scrolls
 d - a scroll of enchant weapon
 k - 8 scrolls of identify
 m - 11 scrolls of remove curse
 p - 8 scrolls of teleportation
 r - 4 scrolls of enchant armour
 v - 2 scrolls of fear
 y - 4 scrolls of blinking
 H - 2 scrolls of noise {unknown}
 J - 2 scrolls of magic mapping
 P - a scroll of vulnerability {unknown}
 U - a scroll of acquirement {unknown}
 V - a scroll of fog
 Y - a scroll of summoning {unknown}
Potions
 g - 3 potions of haste
 n - a potion of agility {unknown}
 t - 2 potions of brilliance
 w - a potion of ambrosia
 x - 4 potions of curing
 B - 2 potions of resistance
 E - a potion of cure mutation {unknown}
 I - a potion of berserk rage {unknown}
 Q - a potion of cancellation {unknown}
Miscellaneous
 l - a phial of floods
Comestibles
 b - 9 fruits
 f - 8 slices of pizza
 i - 5 meat rations
 j - 6 bread rations
 u - 5 beef jerkies
 C - 13 chunks of flesh


   Skills:
 + Level 15.5 Fighting
 + Level 18.5 Axes
 + Level 0.4 Throwing
 + Level 11.0 Armour
 + Level 14.6 Dodging
 + Level 14.2 Shields
 + Level 1.0 Invocations
 + Level 1.5 Evocations


You had 15 spell levels left.
You didn't know any spells.

Dungeon Overview and Level Annotations

Branches:
Dungeon (10/15)            Temple (0/1) D:6            Lair (8/8) D:8
 Shoals (3/4) Lair:3        Snake (1/4) Lair:3        Slime (0/6) Lair:8
    Orc (2/2) D:10            Elf (0/3) Orc:2

Altars:
Cheibriados
Kikubaaqudgha
Makhleb
Nemelex Xobeh
Okawaru
Pakellas
Qazlal
Sif Muna
Trog
Vehumet
Xom
The Shining One
Beogh
Jiyva

Shops:
D:5 :   Orc:2 %!((

Portals:
Hell: Lair:8

Annotations:
D:4 exclusion: statue


Innate Abilities, Weirdness & Mutations

You reflexively headbutt those who attack you in melee.
You have a pair of horns on your head.
You are partially covered in iridescent scales (AC +4).
You passively map a small area around you.


Message History

Your unstable footing causes you to fumble your attack.
The satyr plays a rousing melody on his pipes!
The water nymph is stirred to greatness!
The water nymph touches you. The water nymph drowns you!
* * * LOW HITPOINT WARNING * * *
You slice the water nymph!! You freeze the water nymph.
You kill the water nymph!
Okawaru accepts your kill.
Drink which item? (? for menu, Esc to quit)
You feel better.
The satyr shoots an arrow.
The arrow hits you!
* * * LOW HITPOINT WARNING * * *
Evoke which item? (* to show all) (? for menu, Esc to quit)
Zapping:
G - a wand of teleportation (will waste charges)
Press: ? - help, Shift-Dir - straight line, f - you You feel strangely unstable.
Evoking this partially-identified wand wasted a few charges.
The satyr plays a lulling melody on his pipes!
You fall asleep.
The satyr shoots an arrow.
The arrow hits you!!
You wake up.
You die...

≈≈≈≈≈≈≈.##..≈≈≈≈≈≈≈≈≈≈≈≈≈......≈≈
≈≈≈≈≈≈..###..≈≈≈≈≈≈≈≈≈≈≈≈≈.....≈≈
≈≈≈≈≈≈≈.....≈≈≈≈≈≈≈≈≈≈≈≈≈≈....≈≈≈
≈≈≈≈≈≈≈.....≈≈≈≈≈≈≈..≈≈≈†≈...#≈≈≈
.≈≈≈≈≈≈≈≈...≈≈≈≈≈≈≈....≈...._.≈≈≈
....≈≈≈≈≈...≈≈≈≈≈............#≈≈≈
.....≈≈≈....≈≈≈≈..c##.........≈≈≈
.......)(<..≈≈≈≈.≈.####....†.[≈≈≈
.......((......≈@((####......≈≈≈≈
.......(.......≈...#......<..≈≈≈≈
).((...[(.........(#...≈...≈≈≈≈≈≈
.....(..(.........(##.....≈≈≈≈≈≈≈
....(.(..........(.##....≈≈≈≈≈≈≈≈
≈......(...........##.≈≈≈<≈≈.≈≈≈≈
..≈≈(..(...........#..≈≈≈≈≈≈....≈
..≈≈≈≈≈............#..≈≈......#..
..≈≈≈≈(........?######..##...##..


You could see a satyr.

Vanquished Creatures
  2 dire elephants (Lair:8)
  The ghost of nikopol the Spear-Bearer, a journeyman MiBe of Trog (Lair:4)
  A merfolk javelineer (Shoals:3)
  2 blizzard demons (IceCv)
  2 merfolk impalers
  10 hydras
  The ghost of Urgaas the Basher, a journeyman DsBe of Trog (D:10)
  2 naga warriors (Snake:1)
  2 catoblepae
  2 merfolk aquamancers (Shoals:3)
  A merfolk avatar (Shoals:3)
  4 ogre magi (Orc:2)
  8 death yaks
  An orc high priest (Orc:1)
  A naga sharpshooter (Snake:1)
  Urug (Lair:3)
  A shock serpent (Snake:1)
  The ghost of Malvoorn the Agent of Entropy, a novice DsAK of Lugonu (D:7)
  7 sea snakes
  A swamp dragon (Lair:6)
  Pikel (D:6)
  8 harpies
  7 griffons
  An orc sorcerer (Orc:1)
  A wizard (Lair:8)
  A manticore (Shoals:2)
  An oklob plant (Lair:7)
  A cyclops (Orc:1)
  A sixfirhy (Lair:8)
  10 sirens
  5 elephants
  10 fauns
  2 ice statues (IceCv)
  7 black mambas
  5 water nymphs
  A smoke demon (Lair:8)
  7 spiny frogs
  3 torpor snails (Lair:8)
  4 orange demons (Lair:8)
  4 rime drakes
  8 komodo dragons
  A hellwing (Lair:8)
  4 anaconda simulacra (IceCv)
  2 trolls
  12 ice devils
  10 merfolk
  16 two-headed ogres (Orc:2)
  A wind drake (Shoals:3)
  31 blink frogs
  4 snapping turtles
  9 water elementals
  A wraith (D:10)
  39 yaks
  2 dire elephant simulacra (IceCv)
  Eustachio (D:6)
  7 basilisks
  5 wyverns (Lair:5)
  A human (D:9)
  11 hippogriffs
  A harpy simulacrum (IceCv)
  A vampire mosquito (Lair:6)
  Menkaure (D:6)
  5 nagas
  Duvessa (D:4)
  5 swamp worms (Lair:6)
  2 hydra simulacra (IceCv)
  21 water moccasins
  2 hell hounds (Lair:8)
  14 porcupines
  14 orc warriors
  2 swamp drakes (Lair:6)
  4 phantoms
  2 wasps
  12 ice beasts
  An ettin simulacrum (IceCv)
  2 sky beasts
  26 ogres
  2 black bears
  An eye of draining (D:8)
  8 wolves
  4 centaurs
  16 crocodiles
  3 big kobolds
  Blork the orc (D:6)
  13 giant frogs
  A gnoll sergeant (D:5)
  Dowan (D:4)
  A scorpion (D:7)
  10 killer bees
  4 wights (D:10)
  An electric eel (Lair:3)
  4 crimson imps
  A centaur zombie (D:9)
  A giant frog zombie (D:10)
  Crazy Yiuf (D:5)
  5 hounds
  14 jellies
  A giant frog skeleton (D:5)
  15 orc wizards
  16 orc priests
  2 hell rats (Lair:1)
  10 iguanas
  6 worker ants
  A killer bee zombie (D:10)
  31 sheep
  A hound skeleton (D:8)
  A worker ant zombie (D:3)
  10 gnolls
  15 adders
  102 river rats
  2 shadow imps
  9 oozes (Lair:7)
  An adder skeleton (D:9)
  2 worms (D:2)
  A dart slug (D:3)
  A giant gecko (D:2)
  54 orcs
  A ball python (D:3)
  8 giant cockroaches
  2 goblins
  10 hobgoblins
  17 jackals
  A quokka (D:3)
  6 bats
  6 giant newts
  26 kobolds
  2 quokka skeletons
  2 quokka zombies (D:5)
  7 rats
  11 fungi
  19 plants
903 creatures vanquished.

Vanquished Creatures (others)
  A swamp worm (Lair:6)
  A giant frog (Lair:6)
  14 fungi
  7 plants
23 creatures vanquished.

Grand Total: 926 creatures vanquished

Notes
Turn   | Place    | Note
--------------------------------------------------------------
     0 | D:1      | Gagarin the Minotaur Fighter began the quest for the Orb.
     0 | D:1      | Reached XP level 1. HP: 19/19 MP: 0/0
   150 | D:1      | Reached XP level 2. HP: 27/27 MP: 1/1
   450 | D:1      | Found a sparkling altar of Nemelex Xobeh.
   957 | D:2      | Reached XP level 3. HP: 32/33 MP: 2/2
  1421 | D:2      | Reached skill level 3 in Axes
  1442 | D:2      | Reached skill level 1 in Dodging
  1442 | D:2      | Reached XP level 4. HP: 29/40 MP: 3/3
  2099 | D:3      | Reached XP level 5. HP: 45/46 MP: 4/4
  2136 | D:3      | Noticed a black bear
  2152 | D:3      | Killed a black bear
  2152 | D:3      | Reached skill level 5 in Armour
  2387 | D:3      | Reached XP level 6. HP: 45/53 MP: 5/5
  2521 | D:3      | Found a glowing golden altar of the Shining One.
  2674 | D:4      | Reached skill level 4 in Axes
  2710 | D:4      | Found a radiant altar of Vehumet.
  2782 | D:4      | Found a stormy altar of Qazlal.
  2873 | D:4      | Noticed Duvessa
  2873 | D:4      | Noticed Dowan
  2889 | D:4      | Killed Duvessa
  2889 | D:4      | Reached skill level 5 in Shields
  2903 | D:4      | Killed Dowan
  3120 | D:4      | Reached XP level 7. HP: 50/60 MP: 6/6
  3167 | D:4      | Reached skill level 5 in Axes
  3690 | D:5      | Entered Level 5 of the Dungeon
  3903 | D:5      | Found an iron altar of Okawaru.
  3908 | D:5      | Became a worshipper of Warmaster Okawaru
  4023 | D:5      | Reached skill level 5 in Fighting
  4055 | D:5      | Found Xazo's Book Emporium.
  4224 | D:5      | Reached XP level 8. HP: 68/68 MP: 7/7
  4300 | D:5      | Found a shimmering altar of Xom.
  4301 | D:5      | Found a burning altar of Makhleb.
  4547 | D:5      | Noticed Crazy Yiuf
  4555 | D:5      | Killed Crazy Yiuf
  4656 | D:5      | Found an oddly glowing altar of Pakellas.
  4717 | D:6      | Noticed Menkaure
  4723 | D:6      | Killed Menkaure
  4723 | D:6      | Reached * piety under Okawaru
  4723 | D:6      | Reached skill level 6 in Axes
  5100 | D:6      | Reached skill level 5 in Dodging
  5211 | D:6      | Noticed Pikel
  5246 | D:6      | Killed Pikel
  5246 | D:6      | Reached ** piety under Okawaru
  5246 | D:6      | Reached skill level 7 in Axes
  5246 | D:6      | Reached XP level 9. HP: 76/78 MP: 8/8
  5395 | D:6      | Noticed Blork the orc
  5406 | D:6      | Killed Blork the orc
  5470 | D:6      | Noticed Eustachio
  5477 | D:6      | Killed Eustachio
  5577 | D:6      | Found a staircase to the Ecumenical Temple.
  5924 | D:7      | Noticed Malvoorn's ghost (novice DsAK)
  5933 | D:7      | Gained mutation: You are partially covered in iridescent scales (AC +4). [potion of beneficial mutation]
  5944 | D:7      | Killed Malvoorn's ghost
  5944 | D:7      | Reached *** piety under Okawaru
  5944 | D:7      | Reached skill level 8 in Axes
  6557 | D:7      | Identified a +0 rod of ignition (13/13) (You found it on level 7 of the Dungeon)
  6668 | D:8      | Found a staircase to the Lair.
  6669 | D:8      | Noticed a komodo dragon
  6694 | D:8      | HP: 2/82 [komodo dragon (21)]
  6697 | D:8      | Killed a komodo dragon
  6697 | D:8      | Reached **** piety under Okawaru
  6697 | D:8      | Reached skill level 9 in Axes
  6697 | D:8      | Reached XP level 10. HP: 62/90 MP: 9/9
  7414 | Lair:1   | Entered Level 1 of the Lair of Beasts
  7696 | Lair:1   | Reached ***** piety under Okawaru
  7731 | Lair:1   | Reached skill level 10 in Axes
  7916 | Lair:1   | Reached skill level 11 in Axes
  7929 | Lair:1   | Reached XP level 11. HP: 74/99 MP: 10/10
  8107 | Lair:1   | Noticed a four-headed hydra
  8133 | Lair:1   | Received a gift from Okawaru
  8560 | Lair:1   | Reached skill level 10 in Fighting
  9006 | Lair:2   | Reached skill level 1 in Evocations
  9196 | Lair:3   | Got a steaming scale mail
  9207 | Lair:3   | Identified the cursed +0 scale mail "Cirigaosho" {rC+ rN+ Int-3} (You found it on level 3 of the Lair of Beasts)
  9320 | Lair:3   | Reached ****** piety under Okawaru
  9439 | Lair:3   | Found a staircase to the Snake Pit.
  9483 | Lair:3   | Noticed Urug
  9501 | Lair:3   | Killed Urug
  9501 | Lair:3   | Received a gift from Okawaru
  9502 | Lair:3   | Reached skill level 12 in Axes
  9751 | Lair:3   | Received a gift from Okawaru
  9924 | Lair:3   | Reached skill level 10 in Dodging
 10074 | Lair:4   | Noticed nikopol's ghost (journeyman MiBe)
 10158 | Lair:4   | Killed nikopol's ghost
 10349 | Lair:4   | Reached XP level 12. HP: 86/110 MP: 11/11
 10607 | Lair:4   | Reached skill level 13 in Axes
 10609 | Lair:4   | Reached skill level 10 in Shields
 10639 | Lair:4   | Noticed a death yak
 10652 | Lair:4   | Killed a death yak
 11466 | Lair:5   | Received a gift from Okawaru
 12130 | Lair:5   | Received a gift from Okawaru
 12130 | Lair:5   | Reached skill level 14 in Axes
 12135 | Lair:5   | Got a scorched cloak {god gift}
 12146 | Lair:5   | Identified the +1 cloak "Laoskubbac" {*Corrode rPois Dex+2} (Okawaru gifted it to you on level 5 of the Lair of Beasts)
 13002 | Lair:6   | Reached XP level 13. HP: 109/118 MP: 12/12
 13655 | Lair:7   | Gained mutation: You passively map a small area around you. [potion of beneficial mutation]
 13905 | Lair:7   | Received a gift from Okawaru
 14054 | Lair:7   | Reached skill level 15 in Axes
 14585 | Lair:8   | Entered Level 8 of the Lair of Beasts
 14960 | Lair:8   | Reached XP level 14. HP: 91/129 MP: 14/14
 15153 | Lair:8   | Received a gift from Okawaru
 15219 | Lair:8   | Reached skill level 10 in Armour
 15453 | Lair:8   | Found a viscous altar of Jiyva.
 15453 | Lair:8   | Found a staircase to the Slime Pits.
 15558 | Lair:8   | Found a burning altar of Makhleb.
 15717 | Lair:8   | Found a gateway to Hell.
 15792 | Lair:8   | Reached skill level 16 in Axes
 15997 | Lair:6   | Received a gift from Okawaru
 16554 | D:9      | Found a bloodstained altar of Trog.
 16940 | D:9      | Found a snail-covered altar of Cheibriados.
 16945 | D:9      | Found an ancient bone altar of Kikubaaqudgha.
 17449 | D:10     | Entered Level 10 of the Dungeon
 17449 | D:10     | Noticed Urgaas's ghost (journeyman DsBe)
 17468 | D:10     | Killed Urgaas's ghost
 17492 | D:10     | Found a staircase to the Orcish Mines.
 18093 | Orc:1    | Entered Level 1 of the Orcish Mines
 18285 | Orc:2    | Entered Level 2 of the Orcish Mines
 18293 | Orc:2    | Found a staircase to the Elven Halls.
 18440 | Orc:2    | Found a roughly hewn altar of Beogh.
 18741 | Orc:2    | Reached skill level 1 in Invocations
 18880 | Orc:2    | Found Wuuf's Weapon Shop.
 18880 | Orc:2    | Found Setzy's Antique Weapon Emporium.
 18881 | Orc:2    | Found Behim's Distillery.
 18881 | Orc:2    | Found Lirpheyga's Food Boutique.
 18905 | Orc:2    | Bought a potion of resistance for 140 gold pieces
 18905 | Orc:2    | Bought a potion of haste for 140 gold pieces
 18908 | Orc:2    | Bought a +2 battleaxe of venom for 297 gold pieces
 19335 | Orc:1    | Received a gift from Okawaru
 19706 | Snake:1  | Entered Level 1 of the Snake Pit
 19717 | Snake:1  | Reached skill level 17 in Axes
 19717 | Snake:1  | Reached XP level 15. HP: 134/139 MP: 15/15
 20068 | Lair:3   | Found a staircase to the Shoals.
 20307 | Shoals:1 | Entered Level 1 of the Shoals
 20540 | Shoals:1 | Noticed a kraken
 20864 | Shoals:2 | Reached skill level 15 in Fighting
 21225 | Shoals:3 | Found a basalt altar of Yredelemnul.
 21301 | Shoals:3 | Found a frozen archway.
 21343 | IceCv    | Entered an ice cave
 21869 | IceCv    | Reached skill level 18 in Axes
 21925 | IceCv    | Received a gift from Okawaru
 22087 | IceCv    | Got a jewelled rapier
 22387 | Shoals:3 | Found a deep blue altar of Sif Muna.
 22725 | Shoals:3 | Reached XP level 16. HP: 149/149 MP: 16/16
 22890 | Shoals:3 | Shot with an arrow by a satyr

Skill      XL: |  1  2  3  4  5  6  7  8  9 10 11 12 13 14 15 |
---------------+----------------------------------------------+-----
Armour         | 4 5 6 7 8 9 10 11 | 11.0
Fighting       | 4 5 6 8 9 11 12 13 14 15 | 15.5
Shields        | 4 5 6 7 8 9 10 12 13 14 | 14.2
Axes           | 3 4 5 7 9 11 12 14 15 17 18 | 18.5
Dodging        | 1 2 3 4 5 7 9 10 11 12 13 14 | 14.6
Evocations     | 1 |  1.5
Invocations    | 1 |  1.0
Throwing       | |  0.4

Action                   |  1- 3 |  4- 6 |  7- 9 | 10-12 | 13-15 | 16-18 || total
-------------------------+-------+-------+-------+-------+-------+-------++-------
Melee: War axe           |    87 |   116 |   144 |       |       |       ||   347
       Headbutt          |    10 |    22 |    47 |   153 |   317 |     8 ||   557
       Battleaxe         |       |       |   130 |   200 |       |       ||   330
       Broad axe         |       |       |       |   468 |  1149 |    27 ||  1644
       Flail             |       |       |       |     4 |    64 |       ||    68
Throw: Javelin           |       |       |     1 |       |       |       ||     1
Invok: Heroism           |       |       |       |     1 |     5 |       ||     6
Evoke: Rod               |       |     2 |     2 |       |       |     2 ||     6
       Wand              |       |       |       |     1 |     6 |     1 ||     8
  Use: Potion            |       |     3 |     6 |     7 |     6 |     1 ||    23
       Scroll            |       |       |     5 |    15 |    11 |       ||    31
  Eat: Chunk             |     2 |     6 |    13 |    20 |    32 |     1 ||    74
       Fruit             |       |       |       |     2 |       |       ||     2
Armor: Scale mail        |    49 |    61 |    10 |       |   173 |     9 ||   302
       Ring mail         |       |       |   113 |   257 |   143 |       ||   513
       Skin              |       |       |       |       |    62 |       ||    62
Dodge: Dodged            |    28 |    47 |   182 |   363 |   566 |     9 ||  1195
Block: Shield            |    52 |    83 |    63 |   247 |   595 |    14 ||  1054
       Buckler           |       |       |       |       |   100 |       ||   100
